 Dungeon Crawl Stone Soup version 0.26-a0-638-gcca6ad1b57 (webtiles) character file.

Game seed: 15575826832915110961

44 DogServant the Bolt Thrower (level 3, 0/28 HPs)
             Began as a Formicid Hunter on Sept 14, 2020.
             Succumbed to an adder's poison
             ... on level 2 of the Dungeon.
             The game lasted 00:03:15 (2181 turns).

DogServant the Bolt Thrower (Formicid Hunter)       Turns: 2181, Time: 00:03:15

Health: 0/28       AC:  3    Str: 16    XL:     3   Next: 87%
Magic:  3/3        EV: 12    Int: 10    God:
Gold:   74         SH:  0    Dex: 12    Spells: 2/2 levels left

rFire    . . .     SeeInvis +   b - +0 short sword
rCold    . . .     Faith    .   (no shield)
rNeg     . . .     Spirit   .   c - +0 leather armour
rPois    .         Reflect  .   (helmet unavailable)
rElec    .         Harm     .   (no cloak)
rCorr    .         Rampage  .   (no gloves)
MR       .....                  (no boots)
Stlth    +.........             (no amulet)
HPRegen  0.09/turn              (no ring)
MPRegen  0.08/turn              (no ring)

@: lethally poisoned (0 -> -15)
A: permanent stasis, dig shafts and tunnels, four strong arms, antennae 3
a: Dig, Shaft Self


You were on level 2 of the Dungeon.
You visited 1 branch of the dungeon, and saw 2 of its levels.

You collected 74 gold pieces.

Inventory:

Hand Weapons
 a - a +2 hand crossbow
 b - a +0 short sword (weapon)
Missiles
 d - 15 bolts
Armour
 c - a +0 leather armour (worn)
 k - a +0 kite shield
Jewellery
 e - a cursed amulet of inaccuracy {unknown}
Scrolls
 f - a scroll of identify {unknown}
 g - a scroll of teleportation {unknown}
Potions
 h - a potion of haste {unknown}
 j - a potion of mutation {unknown}


   Skills:
 + Level 2.7 Fighting
 * Level 4.7 Crossbows
 + Level 2.2 Dodging
 - Level 1.2 Stealth


You had 2 spell levels left.
You didn't know any spells.
Your spell library was empty.

Dungeon Overview and Level Annotations

Branches:
Dungeon (2/15)

Altars:
Ashenzari


Innate Abilities, Weirdness & Mutations

You cannot be hasted, slowed, berserked, paralysed or teleported.
You can dig through walls and to a lower floor.
Your four strong arms can wield two-handed weapons with a shield.
You have a pair of large antennae on your head. (SInv)


Message History

You barely miss the adder.
The adder is lightly wounded.
You feel sick. The adder bites you but does no damage.
You feel sick. The adder closely misses you.
* * * LOW HITPOINT WARNING * * *
You feel sick.
There is a shattered altar of Ashenzari here.
You barely miss the adder.
The adder is lightly wounded.
The adder bites you.
* * * LOW HITPOINT WARNING * * *
You are more poisoned.
The adder poisons you!
You hit the adder.
The adder is heavily wounded.
* * * LOW HITPOINT WARNING * * *
You feel sick. The adder closely misses you. The adder barely misses you.
You hit the adder.
The adder is severely wounded.
You die...

## ###. ### ... ..#
#.##.# #..#.###
#(.S@..# #####
#(##.#........#######
#.#..#######.........
..#.#................
####.#.##.............
..#................
.......#.##.........
.................†...
........<#.##+########


You could see an adder.

Vanquished Creatures
  A worm (D:2)
  2 dart slugs (D:1)
  2 leopard geckos
  5 ball pythons (D:1)
  4 bats (D:1)
  A giant cockroach (D:1)
  7 goblins
  4 hobgoblins (D:1)
  2 kobolds
  4 frilled lizards
  A rat (D:1)
33 creatures vanquished.

Notes
Turn   | Place    | Note
-------+----------+-------------------------------------------
     0 | D:1      | DogServant the Formicid Hunter began the quest for the Orb.
     0 | D:1      | Reached XP level 1. HP: 16/16 MP: 1/1
   327 | D:1      | Reached XP level 2. HP: 21/22 MP: 2/2
   834 | D:1      | Reached XP level 3. HP: 24/28 MP: 3/3
  2159 | D:2      | Found a shattered altar of Ashenzari.
  2180 | D:2      | HP: 1/28 [poisoned by an adder]
  2181 | D:2      | Succumbed to an adder's poison

Illustrated notes

Levels and vault maps discovered:
D:1:      sevenhm_arrival_forest_fort_large_1, layout_loops_cross
D:2:      layout_basic, marbit_many_paths, lemuel_blue_sif_altar,
          lemuel_crystal_altar, minmay_hedge_maze, minmay_tetromino_i4

Skill      XL: |  1  2 |
---------------+-------+-----
Dodging        | 2 |  2.2
Fighting       | |  2.7
Crossbows      | |  4.7
Stealth        | |  1.2

Action                   || total
-------------------------++-------
Melee: Short sword       ||   103
 Fire: Hand crossbow     ||    16
  Use: Scroll            ||     3
Armor: Leather armour    ||    26
Dodge: Dodged            ||    80

Table legend: (Time is in decaauts)
 A = Elapsed time spent in this place.
 B = Non-inter-level travel time spent in this place.
 C = Inter-level travel time spent in this place.
 D = Time resting spent in this place.
 E = Time spent auto-exploring this place.
 F = Levels seen in this place.
 G = Mean time per level.
                   A        B        C        D        E       F      G
               +--------+--------+--------+--------+--------+-----+--------+
         Total |   2195 |   2126 |     69 |    259 |   1570 |   2 | 1097.5 |
       Dungeon |   2195 |   2126 |     69 |    259 |   1570 |   2 | 1097.5 |
               +--------+--------+--------+--------+--------+-----+--------+

Top non-repeatable levels by time:
     D:1: 1927 daAuts
     D:2: 268 daAuts
